 Seeded DCSS version 0.27.1-35-g4d5d836560 (webtiles) character file.

Game seed: 414141414 (custom seed)

102 xaos the Conjurer (level 5, -7/37 HPs)
             Began as a Human Conjurer on Mar 27, 2022.
             Mangled by a worm (9 damage)
             ... on level 3 of the Dungeon.
             The game lasted 00:16:53 (3664 turns).

xaos the Conjurer (Human Conjurer)                  Turns: 3664, Time: 00:16:55

Health: -7/37      AC:  3    Str:  8    XL:     5   Next: 5%
Magic:  2/8        EV: 12    Int: 18    God:
Gold:   134        SH:  0    Dex: 12    Spells: 2/8 levels left

rFire    . . .     SeeInvis .   h - +4 dagger (venom)
rCold    . . .     Faith    .   (no shield)
rNeg     . . .     Spirit   .   a - +0 robe
rPois    .         Reflect  .   (no helmet)
rElec    .         Harm     .   (no cloak)
rCorr    .         Rampage  .   c - +0 pair of gloves
Will     +....                  (no boots)
Stlth    ++........             (no amulet)
HPRegen  0.12/turn              q - ring of willpower
MPRegen  0.11/turn              (no ring)

@: no status effects
A: no striking features
a: no special abilities


You were on level 3 of the Dungeon.
You visited 1 branch of the dungeon, and saw 3 of its levels.

You collected 134 gold pieces.

Inventory:

Hand Weapons
 b - a +0 spear
 d - a +0 mace
 h - a +4 dagger of venom (weapon)
 u - a +2 short sword of holy wrath
Missiles
 g - 67 stones
 m - 27 sling bullets
 n - 39 arrows
 s - 27 bolts
 t - 9 poisoned darts
Armour
 a - a +0 robe (worn)
 c - a +0 pair of gloves (worn)
 l - a +0 ring mail
Jewellery
 q - a ring of willpower (left hand)
Scrolls
 f - a scroll of teleportation {unknown}
 i - a scroll of identify {unknown}
 j - a scroll of noise {unknown}
 o - a scroll of vulnerability {unknown}
 r - a scroll of fear {unknown}
Potions
 e - 2 potions of curing {unknown}
 k - a potion of resistance {unknown}
 p - a potion of heal wounds {unknown}


   Skills:
 + Level 1.2 Fighting
 + Level 1.5 Short Blades
 + Level 0.3 Polearms
 + Level 2.7 Dodging
 + Level 2.6 Stealth
 + Level 2.1 Spellcasting
 + Level 4.5 Conjurations


You had 2 spell levels left.
You knew the following spells:

 Your Spells              Type           Power      Damage    Failure   Level
a - Magic Dart            Conj           72%        1d6       2%          1
b - Dazzling Flash        Conj/Hex       20%        N/A       22%         3
c - Searing Ray           Conj           36%        3d4       4%          2

Your spell library contained the following spells:

 Spells                   Type           Power      Damage    Failure   Level
 Gell's Gravitas          Tloc           0%         N/A       47%         3
 Teleport Other           Tloc           1%         N/A       47%         3
 Fulminant Prism          Conj/Hex       5%         3d7       56%         4
 Iskenderun's Mystic Bla  Conj/Tloc      10%        2d4       56%         4
 Dispersal                Tloc           0%         N/A       100%        6


Dungeon Overview and Level Annotations

Branches:
Dungeon (3/15)

Altars:
Gozag
Yredelemnul


Message History

A worm comes into view.
The worm barely misses you.
You hit the worm.
The worm is poisoned.
The worm is lightly wounded.
You hit the worm.
The worm looks even sicker.
The worm is moderately wounded.
The kobold throws a stone.
The stone barely misses you. The worm bites you.
Aiming: Searing Ray (safe; 4% risk of failure)
Press: ? - help, Q - select action, (/) - cycle Shift-Dir - straight line The searing ray hits the orc.
The orc is heavily wounded. (Press . to maintain the ray.) Unknown command.
You hit the worm but do no damage.
The worm is moderately wounded.
The worm bites you!
The kobold throws a stone.
The stone closely misses you.
The orc priest looks satisfied for a moment.
You hit the worm.
The worm is heavily wounded.
The orc hits you with a +0 flail.
You hit the orc.
You kill the orc!
The worm bites you but does no damage. Why would you want to do that?
You hit the orc.
The orc is poisoned.
The orc is heavily wounded.
The orc hits you with a +0 short sword.
You closely miss the orc.
The orc is heavily wounded.
The worm bites you. The orc barely misses you.
You hit the orc.
The orc looks as sick as possible!
The orc is heavily wounded.
The orc hits you with a +0 short sword.
You puncture the orc!
You kill the orc!
The orc priest mumbles some strange prayers to Beogh against you.
Beogh smites you!
* * * LOW HITPOINT WARNING * * *
The worm bites you!
You die...

....)..........
#......§... #.....§....
#.≈.≈≈≈≈≈≈≈ #[≈.......≈
# #o≈.#####§≈ .
#.≈K....# ≈..
#.#o≈.#._.#.≈....
#.#@≈.#.....§....
#.#w≈.#####.≈....
#...≈.......≈....
##..≈≈≈≈≈≈§≈≈....
##..........^# #
##.........##.##
#########..............
#.......#......[.....##
#.......#..............


You could see a worm (very poisoned), an orc priest, an orc and a kobold.

Vanquished Creatures
  3 adders
  A dart slug (D:2)
  5 orcs (D:3)
  6 endoplasms (D:1)
  7 giant cockroaches
  2 goblins
  4 hobgoblins (D:2)
  3 jackals (D:2)
  2 quokkas
  5 ball pythons
  6 bats
  A frilled lizard (D:1)
  8 kobolds
  14 rats (D:2)
67 creatures vanquished.

Vanquished Creatures (others)
  3 fungi (D:2)
  2 plants (D:2)
5 creatures vanquished.

Grand Total: 72 creatures vanquished

Notes
Turn   | Place    | Note
-------+----------+-------------------------------------------
     0 | D:1      | xaos the Human Conjurer began the quest for the Orb.
     0 | D:1      | Reached XP level 1. HP: 13/13 MP: 3/3
   449 | D:1      | Reached XP level 2. HP: 11/19 MP: 5/5
  1203 | D:1      | Reached XP level 3. HP: 22/24 MP: 4/6
  1917 | D:2      | Found a faded altar of an unknown god.
  2214 | D:2      | Reached skill level 1 in Fighting
  2214 | D:2      | Reached XP level 4. HP: 15/32 MP: 7/7
  3088 | D:2      | Reached skill level 1 in Short Blades
  3129 | D:2      | Found an opulent altar of Gozag.
  3269 | D:2      | Learned a level 3 spell: Dazzling Flash
  3272 | D:2      | Learned a level 2 spell: Searing Ray
  3630 | D:3      | Found a basalt altar of Yredelemnul.
  3642 | D:3      | Reached XP level 5. HP: 37/37 MP: 3/8
  3664 | D:3      | Mangled by a worm

Illustrated notes

Levels and vault maps discovered:
D:1:      lemuel_arrival_room, layout_rooms, hangedman_decor_lopped,
          dk_noncrumbling_2, minmay_misc_feat_enclosed, minmay_misc_feat_square
D:2:      layout_loops_ring, shapermc_ecumenical_altar_acropolis, basic_altar,
          mrwooster_statue_mirror, minmay_rat_gold_closets
D:3:      layout_basic, mainiacjoe_overflow_brackets, lemuel_doored_altar,
          cheibrodos_sewer_entry_bend

Skill      XL: |  1  2  3  4 |
---------------+-------------+-----
Fighting       | 1 |  1.2
Short Blades   | 1 |  1.5
Polearms       | |  0.3
Dodging        | |  2.7
Stealth        | |  2.6
Spellcasting   | |  2.1
Conjurations   | |  4.5

Action                   |  1- 3 |  4- 6 || total
-------------------------+-------+-------++-------
Melee: Spear             |    42 |       ||    42
       Dagger            |    94 |    48 ||   142
 Cast: Magic Dart        |     9 |       ||     9
       Searing Ray       |       |     7 ||     7
 Stab: Sleeping          |     3 |     6 ||     9
Armor: Robe              |    31 |     8 ||    39
Dodge: Dodged            |    90 |    27 ||   117
